 Dungeon Crawl Stone Soup version 0.27.0-1-g7a089689b8 (webtiles) character file.

Game seed: 1751613350150664618

3276 hilljack the Cleaver (level 9, -8/81 HPs)
             Began as a Minotaur Gladiator on Aug 10, 2021.
             Was a Follower of the Shining One.
             Mangled by a gnoll sergeant (20 damage)
             ... on level 7 of the Dungeon.
             The game lasted 00:14:12 (5835 turns).

hilljack the Cleaver (Minotaur Gladiator)           Turns: 5835, Time: 00:14:13

Health: -8/81      AC: 10    Str: 21    XL:     9   Next: 68%
Magic:  9/9        EV: 15    Int:  9    God:    the Shining One [*.....]
Gold:   362        SH:  4    Dex: 14    Spells: 8/8 levels left

rFire    . . .     SeeInvis .   a - +0 battleaxe (flame)
rCold    . . .     Faith    .   (shield currently unavailable)
rNeg     . . .     Spirit   .   p - +0 troll leather armour
rPois    .         Reflect  .   (helmet unavailable)
rElec    .         Harm     .   d - +1 cloak "Yrommaf" {+Blink Str-5 Int+4}
rCorr    .         Rampage  .   (no gloves)
Will     .....                  f - +2 pair of boots {Stlth+}
Stlth    +.........             n - amulet of regeneration
HPRegen  2.23/turn              j - +6 ring of strength
MPRegen  0.11/turn              (no ring)

@: glowing
A: horns 3, retaliatory headbutt, hooves 1, large bone plates 1, wild magic 1
a: Renounce Religion, Evoke Blink


You were on level 7 of the Dungeon.
You worshipped the Shining One.
The Shining One was aware of your devotion.
You visited 2 branches of the dungeon, and saw 8 of its levels.

You collected 362 gold pieces.

Inventory:

Hand Weapons
 a - a +0 battleaxe of flaming (weapon)
 b - a +0 arbalest
Missiles
 x - 61 bolts
Armour
 d - the +1 cloak "Yrommaf" (worn) {+Blink Str-5 Int+4}
   (You found it on level 5 of the Dungeon)

   Str:       It affects your strength (-5).
   Int:       It affects your intelligence (+4).
   +Blink:    It lets you blink.
 e - a +0 scale mail
 f - a +2 pair of boots of stealth (worn)
 p - a +0 troll leather armour (worn)
Jewellery
 j - a +6 ring of strength (left hand)
 n - an amulet of regeneration (around neck)
Wands
 c - a wand of flame (31)
Scrolls
 h - a scroll of identify
 o - a scroll of enchant armour
 s - 2 scrolls of immolation
 v - 2 scrolls of magic mapping
Potions
 g - a potion of attraction
 i - a potion of flight
 m - 2 potions of brilliance


   Skills:
 + Level 7.8 Fighting
 + Level 8.3 Axes
 + Level 4.5 Crossbows
 - Level 2.0 Throwing
 + Level 7.3 Armour
 + Level 7.6 Dodging
 + Level 2.1 Invocations
 + Level 2.1 Evocations


You had 8 spell levels left.
You didn't know any spells.
Your spell library was empty.

Dungeon Overview and Level Annotations

Branches:
Dungeon (7/15)             Temple (1/1) D:7

Altars:
Cheibriados
Dithmenos
Elyvilon
Fedhas
Gozag
Hepliaklqana
Kikubaaqudgha
Makhleb
Okawaru
Qazlal
Ru
Sif Muna
Trog
Vehumet
Wu Jian
Xom
Yredelemnul
The Shining One

Annotations:
D:7 1 transporter, cozkul's ghost, novice MiBe


Innate Abilities, Weirdness & Mutations

You have a pair of large horns on your head.
You reflexively headbutt those who attack you in melee.
You have large cloven feet.
You are partially covered in large bone plates. (SH +4)
Your spells are a little harder to cast, but a little more powerful.


Message History

You feel very sick. The gnoll sergeant closely misses you.
You feel very sick.
The gnoll sergeant shouts!
The gnoll shouts!
Found a manual of Throwing and a +0 spear.
You feel very sick.
The gnoll hits you with a +1 vampiric spear!
The gnoll misses you. The gnoll sergeant barely misses you.
You slash the gnoll! You burn the gnoll.
You kill the gnoll!
You feel sick.
The gnoll zaps a wand.
The bolt of acid hits the gnoll!
The gnoll is splashed with acid.
The acid corrodes the gnoll!
The gnoll dies!
The bolt of acid hits you!
You are splashed with acid!
* * * LOW HITPOINT WARNING * * *
The gnoll sergeant hits you from afar with a +1 spear of chaos.
* * * LOW HITPOINT WARNING * * *
You are more poisoned.
The gnoll zaps a wand.
The bolt of acid hits the gnoll!!
The gnoll is splashed with acid.
The acid corrodes the gnoll!
The gnoll dies!
The bolt of acid hits you!
* * * LOW HITPOINT WARNING * * *
You are splashed with acid!
* * * LOW HITPOINT WARNING * * *
The now-empty wand crumbles to dust.
Okay, then.
You feel better. The gnoll sergeant closely misses you.
The gnoll sergeant hits you with the +7 spear "Earthworm" {pain, rElec rN++ Str+5}!
* * * LOW HITPOINT WARNING * * *
You hit the gnoll sergeant but do no damage.
Your headbutt misses the gnoll sergeant.
The gnoll sergeant barely misses you.
The gnoll sergeant hits you but does no damage.
You hit the gnoll sergeant but do no damage.
The gnoll sergeant blocks your attack.
The gnoll sergeant hits you from afar with a +1 spear of chaos.
* * * LOW HITPOINT WARNING * * *
You are electrocuted!!
You die...

#..≈b..#.#...#.#..≈≈..#........
#..≈≈)##.'...'.##.≈≈..#........
#..≈≈.#g.#...#.©#.≈≈..#........
#..≈≈.##.##.##.##.≈≈..#.>......
#......#.#..g#.#..≈≈..#....#.#.
#.....©#.'g©)g(#©.≈≈......##.#.
#......#.#8⌠8#g#..≈≈...#####...
#..≈≈.##g#####.##.≈≈...# ###...
#..≈≈.#..#):.#@.#.≈≈...###.....
#..≈≈.##.#...#g##.≈≈...##..#...
#..≈≈..#.#...#$#..≈≈.........#.
#).≈≈###.##'##.###≈≈...##......
#..≈≈#..........g#≈≈...##......
#..≈≈#8.###g###.8#≈≈...........
#..≈≈#g.#8###8#.W#≈≈...........
#..≈≈####.....####≈≈..###....#.
#..≈≈≈≈≈≈≈≈≈≈≈≈≈≈≈≈≈..# #..#...


You could see 3 gnoll sergeants and a gnoll.

Vanquished Creatures
  A two-headed ogre (D:5)
  A troll (D:7)
  2 black bears
  2 sky beasts (D:6)
  A necrophage (D:5)
  3 ogres
  A phantom (D:4)
  A centaur (D:6)
  A gnoll sergeant (D:7)
  3 scorpions (D:5)
  2 bullfrogs (D:7)
  2 water moccasin skeletons
  9 wights
  3 hounds
  A jelly (D:5)
  An orc priest (D:3)
  3 gnoll shamans
  An iron imp (D:6)
  A bullfrog skeleton (D:6)
  6 iguanas
  An orc wizard (D:5)
  A howler monkey zombie (D:5)
  7 gnolls
  6 adders
  A shadow imp (D:5)
  3 white imps
  2 adder skeletons (D:4)
  A worm (D:4)
  2 dart slugs
  17 orcs
  15 ball pythons
  7 bats
  6 endoplasms
  A giant cockroach (D:1)
  4 hobgoblins
  9 jackals
  2 quokkas
  3 frilled lizards
  5 goblins
  A goblin skeleton (D:6)
  3 goblin zombies (D:6)
  2 hobgoblin zombies (D:6)
  5 kobolds
  3 kobold zombies (D:6)
  An orc zombie (D:6)
  3 rats
156 creatures vanquished.

Vanquished Creatures (others)
  2 gnolls (D:7)
  6 plants (D:7)
8 creatures vanquished.

Grand Total: 164 creatures vanquished

Notes
Turn   | Place    | Note
-------+----------+-------------------------------------------
     0 | D:1      | hilljack the Minotaur Gladiator began the quest for the
                  | Orb.
     0 | D:1      | Reached XP level 1. HP: 18/18 MP: 0/0
   278 | D:1      | Reached XP level 2. HP: 25/25 MP: 1/1
   411 | D:1      | Reached skill level 1 in Armour
   579 | D:2      | Found a faded altar of an unknown god.
   633 | D:2      | Reached skill level 4 in Axes
   763 | D:2      | Reached XP level 3. HP: 16/31 MP: 2/2
   955 | D:2      | You fall into a shaft and drop 2 floors!
   955 | D:4      | Noticed an ogre
   956 | D:4      | Gained mutation: You are partially covered in large bone
                  | plates. (SH +4) [potion of mutation]
   956 | D:4      | Gained mutation: Your spells are a little harder to cast,
                  | but a little more powerful. [potion of mutation]
   956 | D:4      | Gained mutation: You have a pair of large horns on your
                  | head. [potion of mutation]
   956 | D:4      | Gained mutation: You have large cloven feet. [potion of
                  | mutation]
  1037 | D:3      | Reached XP level 4. HP: 35/38 MP: 3/3
  1493 | D:3      | You fall into a shaft and drop 2 floors!
  1493 | D:5      | Entered Level 5 of the Dungeon
  1522 | D:5      | Noticed a scorpion
  1526 | D:5      | Killed a scorpion
  1527 | D:5      | Reached XP level 5. HP: 39/46 MP: 4/4
  1615 | D:5      | Noticed an ogre
  1622 | D:5      | Killed an ogre
  1623 | D:5      | Reached skill level 5 in Axes
  1696 | D:5      | Reached XP level 6. HP: 53/53 MP: 5/5
  1732 | D:4      | Reached skill level 5 in Dodging
  2076 | D:4      | Found a shadowy altar of Dithmenos.
  2317 | D:4      | Reached skill level 5 in Fighting
  2317 | D:4      | Reached XP level 7. HP: 15/61 MP: 6/6
  2702 | D:4      | Found a shimmering altar of Xom.
  2708 | D:4      | Reached skill level 6 in Axes
  3368 | D:5      | Found a white marble altar of Elyvilon.
  3444 | D:5      | Reached skill level 5 in Armour
  3622 | D:5      | Found a shimmering blue altar of Sif Muna.
  4128 | D:5      | Noticed a two-headed ogre
  4146 | D:5      | Reached XP level 8. HP: 48/70 MP: 7/7
  4157 | D:5      | Killed a two-headed ogre
  4158 | D:5      | Reached skill level 7 in Axes
  4262 | D:5      | Identified the +1 cloak "Yrommaf" {+Blink Str-5 Int+4}
  4699 | D:6      | Found a glowing golden altar of the Shining One.
  4713 | D:6      | Reached XP level 9. HP: 79/79 MP: 8/8
  4744 | D:6      | Became a worshipper of the Shining One
  4994 | D:6      | Reached skill level 1 in Evocations
  5268 | D:7      | Reached skill level 8 in Axes
  5268 | D:7      | Reached skill level 1 in Invocations
  5298 | D:7      | Reached * piety under the Shining One
  5334 | D:7      | Noticed a troll
  5339 | D:7      | Killed a troll
  5381 | D:7      | Found a staircase to the Ecumenical Temple.
  5390 | Temple   | Entered the Ecumenical Temple
  5486 | D:7      | Found a transporter.
  5514 | D:7      | Noticed cozkul's ghost (novice MiBe)
  5516 | D:7      | Identified the ring of the Sky {rCorr Dex+4}
  5538 | D:7      | Found a transporter.
  5546 | D:7      | Identified the +7 spear "Earthworm" {pain, rElec rN++
                  | Str+5}
  5546 | D:7      | Identified the +5 ring mail of Zeturph {rCorr Int+3 Dex+4}
  5546 | D:7      | Identified the +2 buckler "Ysuppurch" {Harm rPois rC+ rN++
                  | Str-2}
  5812 | D:7      | Identified the +5 great mace of Ivvuin {spect, rElec rPois
                  | MP+9}
  5830 | D:7      | HP: 4/81 [acid (9)]
  5835 | D:7      | Mangled by a gnoll sergeant

Illustrated notes

Levels and vault maps discovered:
D:1:      tarquinn_simple_flora_water_e, layout_basic
D:2:      layout_basic, basic_ecumenical_altar, minmay_quantized
D:3:      layout_basic, minmay_liquid_box
D:4:      layout_basic, mainiacjoe_overflow_alcove_4, lemuel_crystal_altar
D:5:      minmay_bubble_buster, layout_basic, elyvilon_altar_1,
          nicolae_sif_muna_little_library
D:6:      layout_basic, nicolae_tso_besieged_by_evil, st_stairs_10
D:7:      layout_rooms, minmay_temple_entry_butterflies,
          gammafunk_ghost_gnarly_gnolls, minmay_misc_feat_more_columns
Temple:   dshaligram_water_room_temple

Skill      XL: |  1  2  3  4  5  6  7  8  9 |
---------------+----------------------------+-----
Armour         | 1 2 3 4 5 6 7 |  7.3
Axes           | 4 5 6 7 8 |  8.3
Fighting       | 3 4 5 6 7 |  7.8
Dodging        | 4 5 6 7 |  7.6
Crossbows      | 3 4 |  4.5
Evocations     | 2 |  2.1
Invocations    | 2 |  2.1
Throwing       | |  2.0

Action                   |  1- 3 |  4- 6 |  7- 9 || total
-------------------------+-------+-------+-------++-------
Melee: War axe           |    24 |    78 |    53 ||   155
       Headbutt          |     4 |    15 |    36 ||    55
       Falchion          |    16 |       |       ||    16
       Kick              |     2 |     3 |       ||     5
       Morningstar       |       |       |   114 ||   114
       Battleaxe         |       |       |    16 ||    16
 Fire: Arbalest          |       |       |     3 ||     3
Throw: Throwing net      |       |     3 |     1 ||     4
  Use: Potion            |     2 |     3 |     8 ||    13
       Scroll            |     2 |       |    12 ||    14
 Stab: Sleeping          |       |     1 |       ||     1
Armor: Leather armour    |    20 |       |       ||    20
       Scale mail        |       |    27 |    71 ||    98
       Skin              |       |       |     5 ||     5
       Troll leather arm |       |       |     4 ||     4
Dodge: Dodged            |    39 |    52 |   110 ||   201
Block: Other             |     1 |    18 |    30 ||    49
       Rpst.: Falchion   |     8 |       |       ||     8
